 Dungeon Crawl Stone Soup version 0.31-a0-618-g7ca08c1ff9 (webtiles) character file.

Game seed: 12914962991218478579

54 gruber the Caller (level 3, -9/24 HPs)
             Began as a Barachi Summoner on Aug 22, 2023.
             Killed by divine providence
             ... invoked by an orc priest
              (13 damage)
             ... on level 2 of the Dungeon.
             The game lasted 00:02:05 (1394 turns).

gruber the Caller (Barachi Summoner)                Turns: 1394, Time: 00:02:05

Health: -9/24      AC:  4    Str:  9    XL:     3   Next: 91%
Magic:  10/15      EV: 12    Int: 17    God:
Gold:   34         SH:  0    Dex: 18    Spells: 0/6 levels left

rFire   . . .        d - +0 spear
rCold   . . .        (no shield)
rNeg    . . .        a - +0 robe
rPois   .            (no helmet)
rElec   .            (no cloak)
rCorr   .            e - +0 pair of gloves
SInv    .            i - +0 pair of boots
Will    .....        (no amulet)
Stlth   ++           l - ring of magical power
HPRegen 0.24/turn    n - +6 ring of dexterity
MPRegen 0.14/turn

%: no passive effects
@: slow
A: amphibious, slowness 1, strong legs 1, +LOS
a: Hop


You were on level 2 of the Dungeon.
You visited 1 branch of the dungeon, and saw 2 of its levels.

You collected 34 gold pieces.

Inventory:

Hand Weapons
 d - a +0 spear (weapon)
Armour
 a - a +0 robe (worn)
 e - a +0 pair of gloves (worn)
 i - a +0 pair of boots (worn)
Jewellery
 l - a ring of magical power (left hand)
 n - a +6 ring of dexterity (right hand)
Scrolls
 h - a scroll of teleportation {unknown}
 k - a scroll of blinking {unknown}
 m - a scroll of immolation {unknown}
Potions
 b - a potion of magic
 c - a potion of brilliance {unknown}
 f - 2 potions of heal wounds {unknown}
 g - 2 potions of enlightenment {unknown}
 j - a potion of degeneration {unknown}


   Skills:
 - Level 2.1 Dodging
 - Level 1.7 Stealth
 - Level 2.1 Spellcasting
 + Level 6.5 Summonings


You couldn't memorise any spells.
You knew the following spells:

 Your Spells              Type           Power      Damage    Failure   Level
a - Summon Small Mammal   Summ           96%        N/A       1%          1
b - Call Imp              Summ           48%        N/A       1%          2
c - Call Canine Familiar  Summ           24%        N/A       3%          3

Your spell library contained the following spells:

 Spells                   Type           Power      Damage    Failure   Level
 Summon Guardian Golem    Hex/Summ       13%        N/A       16%         3
 Summon Lightning Spire   Summ/Air       13%        N/A       45%         4


Dungeon Overview and Level Annotations

Branches:
Dungeon (2/15)

Altars:


Innate Abilities, Weirdness & Mutations

You are amphibious.
You cover ground slowly.
You can hop short distances.
You have an extended range of vision and can be seen from far away.


Message History

The orc hits your quokka but does no damage.
Your quokka closely misses the orc.
Your cerulean imp misses the orc.
Your quokka bites the orc but does no damage.
The orc barely misses your quokka.
Your cerulean imp hits the orc with a -2 spear.
Your quokka closely misses the orc.
The orc completely misses your quokka.
Your quokka bites the orc.
Your cerulean imp barely misses the orc.
The orc barely misses your quokka.
Your quokka bites the orc but does no damage.
Your cerulean imp closely misses the orc.
The orc closely misses your cerulean imp.
Your quokka bites the orc but does no damage.
Your cerulean imp hits the orc with a -2 spear.
The orc dies!
You start resting.
Your cerulean imp disappears in a puff of smoke!
Your quokka disappears in a puff of smoke!
Your hound disappears in a puff of smoke!
Magic restored.
Items here: ( ) [ †.
The orc priest shouts!
The orc priest hits you with a +0 club.
Casting: Call Imp (safe; 1% risk of failure)
Confirm with . or Enter, or press ? or * to list all spells.
The orc priest hits you with a +0 club.
Unknown command.
The orc priest mumbles some strange prayers to Beogh against you.
Beogh smites you!
Ouch! That really hurt!
* * * LOW HITPOINT WARNING * * *
You hear a shout!
Casting: Call Canine Familiar (quite dangerous; 3% risk of failure)
Confirm with . or Enter, or press ? or * to list all spells.
A tiny devil pulls itself out of the air.
The orc priest invokes the aid of Beogh against you.
Beogh smites you!
Ouch! That really hurt!
You die...

#.....# #.# .... #....(# #.#
######.... #.....# #.# ..........
#.....## #.# ~...~..... ###....#
#.# .........#######.##.# #.#
.........#...5...##.###.#
.........###)######.....#
~...~....#.#@# #######
.........oh..#
.#########.))###########
.................>.....#
......o.(...##########.##########
..#.....##### #<...........
........# #...# #..#..#####.#
........###.#.# #..#....# #.#
##...>..'.#.#.# #.......# #.#


You could see an orc priest (ally target), a friendly hound (summoned) and a
friendly cerulean imp (summoned).

Vanquished Creatures
  A ball python (D:1)
  A hobgoblin (D:2)
  A kobold (D:1)
  2 quokkas
  A bat (D:1)
6 creatures vanquished.

Vanquished Creatures (collateral kills)
  2 adders (D:2)
  A worm (D:2)
  A dart slug (D:2)
  3 orcs (D:2)
  A ball python (D:1)
  3 endoplasms
  A goblin (D:2)
  3 quokkas (D:1)
  3 bats
  A frilled lizard (D:2)
  A kobold (D:1)
20 creatures vanquished.

Grand Total: 26 creatures vanquished

Notes
Turn   | Place    | Note
-------+----------+-------------------------------------------
     0 | D:1      | gruber the Barachi Summoner began the quest for the Orb.
     0 | D:1      | Reached XP level 1. HP: 13/13 MP: 3/3
    93 | D:1      | Reached skill level 5 in Summonings
   226 | D:1      | Reached XP level 2. HP: 18/19 MP: 1/5
   290 | D:1      | Learned a level 2 spell: Call Imp
   944 | D:2      | Reached XP level 3. HP: 24/24 MP: 2/6
   946 | D:2      | Reached skill level 6 in Summonings
   948 | D:2      | Learned a level 3 spell: Call Canine Familiar
  1394 | D:2      | Killed from afar by an orc priest

Illustrated notes

Levels and vault maps discovered:
D:1:      dpeg_arrival_tiny_i, layout_basic, dreamdust_princess_corridor
D:2:      cheibrodos_pilgrimage, layout_basic, uniq_crazy_yiuf_cottage

Skill      XL: |  1  2  3 |
---------------+----------+-----
Summonings     | 5 6 |  6.5
Dodging        | |  2.1
Stealth        | |  1.7
Spellcasting   | |  2.1

Action                     || total
---------------------------++-------
  Melee: Spear             ||    52
         Unarmed           ||     3
   Cast: Summon Small Mamm ||    30
         Call Imp          ||     8
         Call Canine Famil ||     4
   Stab: Sleeping          ||     3
 Armour: Robe              ||    20
  Dodge: Dodged            ||    33

Table legend: (Time is in decaauts)
 A = Elapsed time spent in this place.
 B = Non-inter-level travel time spent in this place.
 C = Inter-level travel time spent in this place.
 D = Time resting spent in this place.
 E = Time spent auto-exploring this place.
 F = Levels seen in this place.
 G = Mean time per level.
                   A        B        C        D        E       F      G
               +--------+--------+--------+--------+--------+-----+--------+
         Total |   1554 |   1507 |     47 |     80 |   1127 |   2 |  777.0 |
       Dungeon |   1554 |   1507 |     47 |     80 |   1127 |   2 |  777.0 |
               +--------+--------+--------+--------+--------+-----+--------+

Top non-repeatable levels by time:
     D:1: 989 daAuts
     D:2: 564 daAuts
